 Dungeon Crawl Stone Soup version 0.30-a0-721-ga6a225cb13 (webtiles) character file.

Game seed: 11193616351558950248

157 Bnni the Shield-Bearer (level 5, 0/28 HPs)
             Began as a Vine Stalker Fighter on Jan 26, 2023.
             Killed from afar by a gnoll (8 damage)
             ... with a bolt of acid
             ... on level 3 of the Dungeon.
             The game lasted 00:02:47 (1628 turns).

Bnni the Shield-Bearer (Vine Stalker Fighter)       Turns: 1628, Time: 00:02:48

Health: 0/28       AC:  4    Str: 19    XL:     5   Next: 38%
Magic:  0/6        EV:  6    Int:  8    God:
Gold:   86         SH:  5    Dex: 15    Spells: 4/4 levels left

rFire   . . .      SeeInvis .    n - +0 short sword (venom)
rCold   . . .      Faith    .    c - +0 buckler
rNeg    . . .      Spirit   +    t - +0 chain mail
rPois   .          Reflect  .    (no helmet)
rElec   .          Harm     .    (no cloak)
rCorr   .          Rampage  .    (no gloves)
Will    .....                    (no boots) Stlth
                                 (no amulet)
HPRegen 1.04/turn                (no ring)
MPRegen 0.10/turn                (no ring)

@: corroded
A: fangs 2, regeneration 1, magic shield, antimagic bite, no potion heal 2
a: no special abilities


You were on level 3 of the Dungeon.
You visited 1 branch of the dungeon, and saw 3 of its levels.

You collected 86 gold pieces.

Inventory:

Hand Weapons
 n - a +0 short sword of venom (weapon)
Missiles
 v - 4 javelins (quivered)
Armour
 c - a +0 buckler (worn)
 t - a +0 chain mail (worn)
Scrolls
 e - a scroll of vulnerability {unknown}
 f - a scroll of fog {unknown}
 g - a scroll of enchant weapon {unknown}
 h - a scroll of noise {unknown}
 i - 2 scrolls of identify {unknown}
 k - a scroll of fear {unknown}
 r - 2 scrolls of teleportation {unknown}
 s - 3 scrolls of poison {unknown}
 u - a scroll of blinking {unknown}
Potions
 a - a potion of cancellation {unknown}
 b - a potion of flight {unknown}
 d - a potion of might
 j - a potion of brilliance {unknown}
 l - 4 potions of curing {unknown}
 m - a potion of invisibility {unknown}
 o - a potion of mutation {unknown}
 p - a potion of heal wounds {unknown}
 q - 2 potions of magic {unknown}


   Skills:
 + Level 3.3 Fighting
 * Level 3.3 Short Blades
 - Level 2.4 Armour
 * Level 3.9 Shields


You had 4 spell levels left.
You didn't know any spells.
Your spell library was empty.

Dungeon Overview and Level Annotations

Branches:
Dungeon (3/15)

Altars:
Kikubaaqudgha
Wu Jian

Shops:
D:2 !

Annotations:
D:3 1 transporter


Innate Abilities, Weirdness & Mutations

You have extremely sharp teeth.
Your natural rate of healing is unusually fast.
When hurt, damage is shared between your health and your magic reserves.
Your bite disrupts and absorbs the magic of your enemies.
Potions cannot restore your health.


Message History

The gnoll hits you with a +0 flail.
The gnoll hits you from afar with a +0 spear.
You hit the gnoll.
The gnoll looks even sicker.
The gnoll is moderately wounded.
You hit the gnoll but do no damage.
The gnoll looks as sick as possible!
You bite the gnoll. You drain its power.
You feel invigorated.
The gnoll is moderately wounded.
The gnoll hits you with a +0 flail. The gnoll hits you but does no damage.
You closely miss the gnoll.
The gnoll is heavily wounded.
The gnoll barely misses you. The gnoll hits you but does no damage.
You hit the gnoll. You bite the gnoll. You drain its power.
You feel invigorated.
The gnoll is almost dead.
You kill the gnoll!
The gnoll hits you from afar with a +0 spear.
The gnoll throws a throwing net.
The throwing net hits you.
You become entangled in the net!
The gnoll hits you from afar with a +0 halberd.
The gnoll hits you but does no damage.
There is an open translucent door, spattered with blood here.
Things that are here:
a throwing net; a +0 flail You are too injured to fight recklessly!
You tear a large gash into the net.
The gnoll hits you from afar with a +0 halberd.
The gnoll hits you but does no damage.
You shred the net and break free! You block the gnoll's attack. x2
Things that are here:
a +0 halberd; a gnoll corpse The gnoll zaps a wand.
The bolt of acid hits you! The acid corrodes you! You block the gnoll's attack.
The gnoll attacks as you move away! The gnoll hits you.
* * * LOW HITPOINT WARNING * * *
The gnoll attacks as you move away! The gnoll hits you.
* * * LOW HITPOINT WARNING * * *
There is an open translucent door here.
The gnoll attacks as you move away! The gnoll hits you but does no damage.
The gnoll zaps a wand.
The bolt of acid hits you!
You die...

#.##.##.#........................
##)##.#....≈≈≈≈≈≈≈≈≈≈≈...≈≈≈≈≈≈≈≈
#..#..#....≈≈≈≈≈≈≈≈≈≈≈...≈≈≈≈≈≈≈≈
##.##.##...≈≈#####...........####
.#..#..#...≈≈#.8.#.###.©.###.#.8.
##.##.##...≈≈#...###©#####.###...
.##.##.#...≈≈###.......g......g##
....#......≈≈.8#.##'###)######.#8
########...≈≈.##@#.g.#).8# g#.##
#...~~.#..'g.gg.©⌠# +.g#
#.#.≈≈.##.#...#..8# #.##
#.#.≈≈.8#.##'###'######.#8
#.#.≈≈###.....!.........##
#.#.≈≈#...###.#####.###...
#.#.≈≈#.8.#.###.©.###.#g8.
#.#.≈≈#####...........####
#)#.≈≈≈≈≈≈≈≈≈≈≈≈~≈≈≈≈≈≈≈≈≈


You could see 3 gnolls.

Vanquished Creatures
  An orc wizard (D:3)
  2 gnolls (D:3)
  An adder (D:3)
  3 worms (D:3)
  3 dart slugs
  6 orcs (D:3)
  7 bats
  4 endoplasms
  2 giant cockroaches (D:1)
  11 goblins
  7 hobgoblins
  6 jackals
  10 kobolds
  3 quokkas
  4 ball pythons
  4 frilled lizards
  4 rats
78 creatures vanquished.

Vanquished Creatures (others)
  6 plants (D:3)
6 creatures vanquished.

Grand Total: 84 creatures vanquished

Notes
Turn   | Place    | Note
-------+----------+-------------------------------------------
     0 | D:1      | Bnni the Vine Stalker Fighter began the quest for the Orb.
     0 | D:1      | Reached XP level 1. HP: 11/11 MP: 2/2
    48 | D:1      | Reached XP level 2. HP: 14/16 MP: 3/3
   335 | D:1      | Reached XP level 3. HP: 19/19 MP: 4/4
   633 | D:2      | Found an ornate altar of the Wu Jian Council.
   786 | D:2      | Found Olonic's Distillery.
  1027 | D:3      | Gained mutation: Your natural rate of healing is unusually
                  | fast. [Vine Stalker growth]
  1027 | D:3      | Reached XP level 4. HP: 21/24 MP: 3/5
  1126 | D:3      | Found an ancient bone altar of Kikubaaqudgha.
  1227 | D:3      | Found a transporter.
  1231 | D:3      | Found a transporter.
  1275 | D:3      | Reached XP level 5. HP: 28/28 MP: 3/6
  1628 | D:3      | Killed from afar by a gnoll

Illustrated notes

Levels and vault maps discovered:
D:1:      dpeg_arrival_ternary, layout_rooms
D:2:      layout_basic, basic_altar, serial_shops, shop
D:3:      minmay_angry_zag, layout_rooms, general_overflow_altar,
          gammafunk_ghost_gnarly_gnolls

Skill      XL: |  1  2  3  4 |
---------------+-------------+-----
Short Blades   | 2 3 |  3.3
Shields        | 3 |  3.9
Fighting       | 3 |  3.3
Armour         | |  2.4

Action                     |  1- 3 |  4- 6 || total
---------------------------+-------+-------++-------
  Melee: Rapier            |    62 |       ||    62
         Bite              |    34 |    35 ||    69
         Short sword       |    73 |    95 ||   168
 Armour: Scale mail        |    64 |     4 ||    68
         Chain mail        |       |    31 ||    31
  Dodge: Dodged            |    67 |    22 ||    89
  Block: Buckler           |    34 |    18 ||    52

Table legend: (Time is in decaauts)
 A = Elapsed time spent in this place.
 B = Non-inter-level travel time spent in this place.
 C = Inter-level travel time spent in this place.
 D = Time resting spent in this place.
 E = Time spent auto-exploring this place.
 F = Levels seen in this place.
 G = Mean time per level.
                   A        B        C        D        E       F      G
               +--------+--------+--------+--------+--------+-----+--------+
         Total |   1618 |   1533 |     85 |      0 |   1094 |   3 |  539.3 |
       Dungeon |   1618 |   1533 |     85 |      0 |   1094 |   3 |  539.3 |
               +--------+--------+--------+--------+--------+-----+--------+

Top non-repeatable levels by time:
     D:3: 642 daAuts
     D:1: 590 daAuts
     D:2: 385 daAuts
